Map: Catalyst LE

Players

SamuraiFunn - Winner!

  • Race: Protoss Protoss
  • Spawn Location: 5:00

A.I. 1 (Elite)

  • Race: Zerg Zerg
  • Spawn Location: 11:00

VOD

Have the link to the VOD?

Description

Time

  • Played on: Nov. 24, 2017, 9:48 p.m.
  • Length: 16:08
Show
View Real Time Build Order
Export as new Build Order

SamuraiFunn Protoss - Winner!

Build Orders: 1 Gate Expand 

Get SALT Encoding   

  12  0:01  Probe  
  13  0:13  Probe  
  14  0:19  Pylon  
  14  0:25  Probe  
  15  0:37  Probe (Chrono Boost)  
  15  0:40  Gateway  
  16  0:49  Probe (Chrono Boost)  
  17  0:53  Assimilator  
  18  0:59  Probe (Chrono Boost)  
  18  1:06  Probe  
  19  1:18  Probe  
  20  1:30  Nexus  
  20  1:34  Probe  
  20  1:39  Assimilator  
  21  1:54  Pylon  
  21  2:00  Cybernetics Core  
  21  2:06  Probe  
  22  2:14  Pylon  
  22  2:18  Probe  
  23  2:30  Probe  
  23  2:35  Gateway  
  23  2:36  Adept  
  26  2:42  Warp Gate (Chrono Boost)  
  26  2:48  Gateway  
  26  3:03  Probe x2  
  28  3:15  Probe x2  
  28  3:16  Pylon  
  32  3:20  Adept  
  32  3:28  Probe x2  
  34  3:41  Probe x2  
  34  3:43  Gateway  
  34  3:47  Stalker  
  38  3:57  Probe x2  
  38  3:58  Stalker x2  
  44  4:09  Probe x2, Pylon  
  46  4:15  Pylon  
  46  4:21  Probe x2  
  48  4:53  Robotics Facility, Twilight Council  
  48  5:00  Probe x2  
  48  5:03  Forge x2  
  50  5:10  Sentry x3  
  50  5:11  Sentry  
  50  5:13  Assimilator  
  58  5:15  Assimilator  
  58  5:22  Pylon  
  58  5:31  Blink (Chrono Boost)  
  54  5:58  Stalker  
  54  5:59  Stalker  
  58  6:10  Stalker  
  58  6:11  Stalker  
  58  6:38  Stalker x2  
  58  6:39  Stalker x2  
  66  6:45  Gateway  
  66  6:46  Gateway  
  66  6:55  Nexus  
  66  6:58  Pylon  
  66  7:00  Pylon  
  66  7:03  Assimilator  
  66  7:04  Stalker x4  
  66  7:07  Assimilator  
  74  7:17  Gateway  
  74  7:26  Probe x2  
  76  7:32  Gateway x2  
  76  7:34  Gateway  
  76  7:38  Probe  
  76  7:41  Probe  
  78  7:44  Stalker x4  
  78  7:50  Probe  
  87  7:51  Observer  
  88  8:00  Probe  
  88  8:02  Probe  
  90  8:09  Probe  
  90  8:12  Probe, Stalker x4  
  98  8:13  Observer, Stalker x2  
  98  8:16  Protoss Ground Weapons Level 1  
  98  8:19  Protoss Ground Armor Level 1  
  105  8:34  Observer  
  105  8:38  Stalker x2  
  105  8:39  Stalker x3  
  116  8:48  Probe  
  117  8:57  Probe, Observer  
  117  9:05  Probe  
  82  9:36  Stalker x2  
  82  9:37  Stalker x5  
  92  10:03  Stalker x3  
  92  10:04  Stalker x4  
  92  10:05  Stalker x3  
  98  10:32  Stalker  
  98  10:33  Stalker x4  
  98  10:34  Stalker x3  
  98  10:35  Stalker x2  
  90  11:01  Stalker x4  
  90  11:02  Stalker x3  
  90  11:03  Stalker x3  
  99  11:27  Stalker x4  
  99  11:31  Stalker x2  
  104  11:32  Stalker  
  90  11:55  Stalker x4  
  90  11:56  Stalker  
  78  12:37  Stalker  
  78  12:38  Stalker x4  
  78  12:39  Stalker x3  
  81  13:14  Stalker  
  81  13:15  Stalker x4  
  81  13:16  Stalker x3  
  81  13:17  Stalker x2  
  93  13:33  Dark Shrine  
  77  13:49  Stalker x2  
  77  13:50  Stalker x3  
  77  13:51  Stalker x2  
  91  14:23  Stalker x3  
  91  14:24  Stalker x3  
  99  14:25  Stalker  
  105  14:57  Dark Templar x4  
  105  14:59  Dark Templar  
  109  15:21  Observer  
  109  15:56  Dark Templar  
  111  15:57  Dark Templar x3  
Show
View Real Time Build Order
Export as new Build Order

A.I. 1 (Elite) Zerg 

Build Orders: Pool First, Lurkers 

Get SALT Encoding   

  12  0:00  Drone  
  13  0:12  Overlord  
  13  0:17  Drone  
  14  0:31  Drone x2  
  14  0:34  Drone  
  17  0:47  Spawning Pool  
  16  0:50  Drone  
  17  1:11  Hatchery  
  17  1:15  Drone  
  17  1:18  Extractor  
  17  1:22  Drone  
  17  1:26  Extractor  
  17  1:28  Drone  
  17  1:33  Drone  
  17  1:38  Drone  
  19  1:49  Overlord  
  19  2:00  Queen  
  21  2:05  Zergling x2  
  22  2:11  Drone  
  23  2:26  Queen  
  25  2:33  Drone  
  26  2:38  Drone  
  26  2:42  Drone  
  28  2:45  Drone  
  29  2:59  Roach Warren  
  29  3:02  Drone  
  29  3:06  Drone  
  29  3:08  Zergling x2  
  29  3:12  Zergling x2  
  32  3:18  Overlord  
  32  3:22  Drone  
  32  3:24  Drone  
  34  3:40  Roach x3  
  40  3:41  Roach  
  42  3:49  Lair  
  42  3:54  Overlord  
  42  3:59  Overlord  
  42  4:02  Zergling x2  
  43  4:04  Zergling x2  
  44  4:12  Zergling x2  
  44  4:13  Drone x2  
  44  4:14  Drone  
  48  4:17  Drone  
  48  4:19  Drone  
  48  4:24  Overlord  
  50  4:28  Roach  
  52  4:31  Roach  
  52  4:35  Roach  
  56  4:39  Roach  
  56  4:42  Overlord  
  58  4:48  Drone  
  58  4:50  Drone  
  60  4:53  Hydralisk Den, Drone  
  60  4:56  Roach  
  60  4:59  Roach  
  64  5:04  Drone  
  65  5:07  Drone  
  65  5:11  Overlord  
  65  5:13  Drone  
  67  5:15  Drone  
  67  5:17  Drone  
  67  5:19  Drone  
  71  5:21  Drone  
  71  5:23  Drone  
  71  5:24  Drone  
  71  5:27  Hydralisk, Drone  
  76  5:30  Overlord  
  76  5:33  Hydralisk  
  78  5:37  Hydralisk  
  78  5:40  Hydralisk  
  78  5:42  Drone  
  82  5:44  Drone  
  82  5:45  Drone  
  82  5:48  Hydralisk  
  84  5:52  Overlord  
  84  5:54  Hydralisk  
  86  6:05  Evolution Chamber, Ravager  
  86  6:06  Drone  
  86  6:09  Ravager  
  86  6:11  Evolution Chamber  
  87  6:14  Lurker Den  
  87  6:16  Hatchery  
  85  6:24  Drone  
  86  6:26  Zergling x2  
  86  6:28  Zergling x2  
  86  6:30  Overlord  
  86  6:32  Zergling x2, Zerg Missile Weapons Level 1  
  89  6:34  Metabolic Boost  
  89  6:36  Zerg Ground Armor Level 1  
  89  6:42  Drone, Evolution Chamber  
  89  6:49  Extractor  
  89  6:50  Drone  
  89  6:54  Roach  
  89  6:55  Extractor  
  89  6:56  Drone  
  89  6:59  Roach  
  93  7:07  Hydralisk, Zerg Melee Weapons Level 1, Overlord  
  95  7:09  Drone, Spine Crawler  
  95  7:11  Drone x2  
  95  7:12  Drone  
  98  7:18  Overseer, Drone x3  
  98  7:21  Hydralisk  
  103  7:26  Overlord  
  103  7:28  Drone  
  103  7:29  Drone x4  
  108  7:30  Drone  
  108  7:34  Drone  
  108  7:36  Glial Reconstitution  
  110  7:37  Drone  
  110  7:39  Drone  
  110  7:41  Lurker  
  110  7:42  Lurker  
  114  7:45  Drone  
  114  7:47  Drone, Overlord  
  114  7:49  Drone  
  114  7:50  Drone  
  118  7:51  Drone  
  118  7:52  Drone  
  118  7:54  Drone  
  118  7:55  Drone  
  118  7:57  Drone  
  123  7:59  Drone  
  123  8:00  Drone  
  123  8:04  Pneumatized Carapace  
  125  8:07  Overlord  
  125  8:10  Hydralisk, Drone  
  128  8:16  Spine Crawler  
  128  8:17  Lurker  
  128  8:18  Hydralisk x2  
  132  8:24  Extractor  
  132  8:25  Queen  
  132  8:27  Overlord  
  133  8:30  Zerg Missile Weapons Level 2  
  133  8:35  Extractor  
  132  8:47  Drone x2  
  134  8:51  Zerg Ground Armor Level 2  
  134  8:54  Spore Crawler  
  134  8:55  Drone  
  134  8:56  Spore Crawler  
  134  8:57  Zergling x2, Drone x3, Overlord  
  134  8:58  Drone x2, Spine Crawler  
  134  8:59  Burrow, Zergling x4  
  134  9:00  Zergling x4  
  134  9:01  Zergling x2  
  140  9:02  Zergling x2  
  140  9:05  Zergling x2  
  140  9:08  Roach  
  130  9:11  Roach  
  130  9:16  Roach  
  126  9:19  Roach  
  126  9:21  Hydralisk, Roach  
  126  9:22  Zergling x4  
  122  9:27  Roach  
  122  9:28  Hydralisk, Roach  
  122  9:29  Roach  
  122  9:31  Roach  
  130  9:32  Hydralisk  
  130  9:38  Spine Crawler, Roach  
  122  9:40  Spine Crawler  
  122  9:41  Hydralisk  
  122  9:42  Spine Crawler  
  122  9:43  Drone  
  122  9:48  Hydralisk  
  122  9:50  Ravager x2, Lurker x2  
  122  9:52  Roach  
  130  9:54  Hydralisk, Roach  
  130  9:57  Hydralisk  
  136  10:09  Roach  
  136  10:14  Zerg Melee Weapons Level 2, Roach  
  136  10:19  Hydralisk  
  136  10:20  Spore Crawler  
  136  10:21  Zergling x2, Queen  
  131  10:22  Zergling x2, Roach, Spore Crawler  
  131  10:23  Zergling x2, Roach x2  
  131  10:24  Zergling x2, Spine Crawler  
  131  10:25  Hydralisk  
  131  10:26  Hydralisk, Zergling x2, Infestation Pit  
  131  10:28  Zergling x2  
  122  10:29  Queen, Drone  
  122  10:30  Drone  
  106  10:38  Zergling x2  
  106  10:40  Zergling x2  
  106  10:41  Zergling x2  
  102  10:44  Zergling x2  
  89  10:51  Zergling x2  
  89  10:53  Hydralisk, Zergling x2  
  89  10:54  Zergling x2  
  86  10:59  Zergling x2  
  86  11:00  Zergling x2, Roach  
  86  11:02  Roach  
  90  11:04  Zergling x2, Roach  
  90  11:05  Hive  
  90  11:06  Roach  
  90  11:08  Hydralisk  
  90  11:09  Zergling x2  
  93  11:13  Hydralisk  
  93  11:18  Hydralisk  
  91  11:23  Hydralisk  
  91  11:24  Zergling x2  
  88  11:26  Roach  
  88  11:27  Zergling x2  
  88  11:28  Roach  
  88  11:31  Zergling x8, Roach  
  88  11:32  Zergling x2  
  93  11:33  Roach  
  93  11:35  Roach  
  93  11:38  Roach  
  93  11:39  Roach x2  
  98  11:41  Drone  
  98  11:42  Hydralisk, Drone x3  
  98  11:46  Hydralisk, Drone  
  97  11:47  Drone x3  
  97  11:51  Drone  
  95  11:54  Hydralisk  
  95  11:57  Drone x2  
  95  12:01  Roach  
  90  12:05  Roach  
  81  12:08  Zergling x2  
  81  12:10  Zergling x2  
  81  12:13  Roach  
  82  12:16  Roach  
  82  12:19  Roach  
  82  12:21  Hydralisk, Hatchery  
  77  12:22  Ultralisk Cavern  
  77  12:24  Hydralisk  
  77  12:26  Overseer  
  77  12:29  Roach  
  76  12:38  Spire  
  76  12:41  Drone x2  
  69  12:53  Roach  
  68  12:58  Hydralisk  
  68  13:00  Hydralisk, Roach  
  68  13:01  Roach  
  68  13:02  Roach  
  66  13:05  Zergling x2  
  66  13:10  Zergling x2  
  65  13:18  Roach  
  67  13:20  Roach x2  
  67  13:21  Drone  
  67  13:23  Drone  
  64  13:27  Drone x5  
  64  13:28  Drone x6  
  64  13:29  Drone  
  63  13:38  Drone  
  51  13:52  Zergling x2  
  51  13:53  Corruptor  
  51  13:55  Zergling x2  
  51  13:58  Drone  
  51  13:59  Drone  
  51  14:01  Roach  
  51  14:02  Drone  
  53  14:03  Drone  
  53  14:04  Overseer  
  53  14:05  Drone  
  53  14:06  Drone  
  53  14:07  Drone  
  53  14:08  Drone, Roach  
  55  14:12  Roach  
  53  14:17  Hydralisk  
  53  14:23  Hydralisk  
  53  14:28  Hydralisk  
  55  14:31  Drone  
  55  14:34  Drone  
  55  14:36  Drone  
  58  14:39  Drone x2  
  58  14:41  Drone  
  58  14:42  Drone  
  58  14:44  Drone x2  
  61  14:47  Drone  
  61  14:50  Drone  
  61  14:52  Drone  
  63  14:55  Drone  
  63  14:57  Drone  
  63  15:00  Drone  
  63  15:03  Drone  
  63  15:08  Zergling x2  
  63  15:12  Queen  
  53  15:14  Zergling x2  
  53  15:16  Hydralisk  
  53  15:17  Roach x2  
  53  15:25  Roach  
  51  15:33  Zergling x2, Roach  
  48  15:38  Drone  
  41  15:45  Drone  
Tags
 
Composition
Lurkers
Matchup
PvZ
Replay Pack
First 100 games
Spawn Locations
Cross Positions
Add a new tag
Caveats
  • Supply blocks, unpowered buildings, or Contaminate may cause inaccurate times.
  • Supply counts are checked every 10 seconds.